 Dungeon Crawl Stone Soup version 0.32-a0-576-g706899e69d (webtiles) character file.

Game seed: 6716766337286677147

49 BeKind the Trooper (level 3, -2/33 HPs)
             Began as a Minotaur Fighter on Mar 2, 2024.
             Slain by a goblin
             ... wielding a +0 club
             ... led by Robin
              (4 damage)
             ... on level 2 of the Dungeon.
             The game lasted 00:00:57 (998 turns).

BeKind the Trooper (Minotaur Fighter)                Turns: 998, Time: 00:00:58

Health: -2/33      AC:  7    Str: 22    XL:     3   Next: 53%
Magic:  2/2        EV:  9    Int:  5    God:
Gold:   106        SH:  4    Dex:  9    Spells: 2/2 levels left

rFire   . . .        a - +0 trident
rCold   . . .        c - +0 buckler
rNeg    . . .        b - +0 scale mail
rPois   .            (helmet restricted)
rElec   .            (no cloak)
rCorr   .            (no gloves)
SInv    .            (no boots)
Will    .....        (no amulet) Stlth
                     (no ring)
HPRegen 0.25/turn    (no ring)
MPRegen 0.08/turn

%: no passive effects
@: no status effects
A: horns 2, retaliatory headbutt
a: no special abilities


You were on level 2 of the Dungeon.
You visited 1 branch of the dungeon, and saw 2 of its levels.

You collected 106 gold pieces.

Inventory:

Hand Weapons
 a - a +0 trident (weapon)
Armour
 b - a +0 scale mail (worn)
 c - a +0 buckler (worn)
 i - a +0 tower shield
Scrolls
 f - 2 scrolls of identify {unknown}
 g - a scroll of enchant weapon {unknown}
Potions
 d - a potion of might
 e - a potion of resistance {unknown}
 h - a potion of heal wounds {unknown}


   Skills:
 + Level 4.2 Fighting
 + Level 3.1 Polearms
 + Level 4.1 Armour
 + Level 4.2 Shields


You had 2 spell levels left.
You didn't know any spells.
Your spell library contained the following spells:

 Spells                   Type           Power      Damage    Failure   Level
 Kiss of Death            Conj/Necr      0%         2d5       86%         1
 Ensorcelled Hibernation  Hex/Ice        0%         N/A       94%         2
 Confusing Touch          Hex            0%         N/A       99%         3
 Fugue of the Fallen      Necr           0%         N/A       99%         3
 Passwall                 Erth           0%         N/A       99%         3
 Swiftness                Air            0%         N/A       99%         3
 Anguish                  Hex/Necr       0%         N/A       100%        4
 Dispel Undead            Necr           0%         3d6       100%        4


Dungeon Overview and Level Annotations

Branches:
Dungeon (2/15)

Altars:

Annotations:
D:1 1 runed translucent door
D:2 Robin


Innate Abilities, Weirdness & Mutations

You have a pair of horns on your head.
You reflexively headbutt those who attack you in melee.


Message History

Terence is heavily wounded.
Terence barely misses you. The goblin barely misses you.
You completely miss Terence. Your headbutt misses Terence.
Terence is heavily wounded.
You block the goblin's attack. Terence hits you with a +0 mace.
* * * LOW HITPOINT WARNING * * *
You barely miss Terence.
Terence is heavily wounded.
You block Terence's attack. The goblin closely misses you.
You furiously retaliate!
You headbutt the goblin. You closely miss Terence.
Terence is heavily wounded.
Terence hits you with a +0 mace.
* * * LOW HITPOINT WARNING * * *
You block the goblin's attack.
You barely miss Terence. You headbutt Terence.
Terence is severely wounded.
The goblin hits you but does no damage.
Terence says, "Time to say good-bye..."
Terence barely misses you.
You closely miss Terence.
Terence is severely wounded.
The hobgoblin no longer looks unusually strong.
The goblin hits you with a +0 club.
* * * LOW HITPOINT WARNING * * *
Terence misses you.
Robin flexes a bicep menacingly.
The goblin hits you with a +0 club.
* * * LOW HITPOINT WARNING * * *
Terence hits you with a +0 mace.
* * * LOW HITPOINT WARNING * * *
You completely miss Terence.
Terence is severely wounded.
The goblin no longer looks unusually strong.
Terence hits you but does no damage. The goblin barely misses you.
You hit Terence.
You kill Terence!
The goblin no longer looks unusually strong.
The goblin hits you with a +0 club.
You die...

#(# #....#
###...###....... #.#
#....########..##.......
..
#####†.....###..........
#......# ###........
.#######......#
#........
..............#
#..######
.#######......# ##..###
###g#### ##...### #@#
###.... #g# ####.


g.g ## #.... #..... #...... #....... #........ You could see Robin, a hobgoblin
and 2 goblins.

Vanquished Creatures
  Terence (D:2)
  An adder (D:2)
  2 ribbon worms (D:2)
  2 ball pythons (D:2)
  3 bats
  3 endoplasms
  6 goblins (D:2)
  6 hobgoblins
  3 quokkas
  A kobold (D:1)
  3 rats
31 creatures vanquished.

Notes
Turn   | Place    | Note
-------+----------+-------------------------------------------
     0 | D:1      | BeKind the Minotaur Fighter began the quest for the Orb.
     0 | D:1      | Reached XP level 1. HP: 19/19 MP: 0/0
     1 | D:1      | Found a runed translucent door.
   189 | D:1      | Reached XP level 2. HP: 20/27 MP: 1/1
   801 | D:2      | Reached XP level 3. HP: 33/33 MP: 2/2
   969 | D:2      | Noticed Robin
   970 | D:2      | Noticed Terence
   996 | D:2      | HP: 1/33 [Terence/+0 mace (1)]
   998 | D:2      | Killed Terence
   998 | D:2      | Slain by a goblin

Illustrated notes

Levels and vault maps discovered:
D:1:      dpeg_arrival_caged_fury, layout_basic, st_stairs_1
D:2:      layout_basic, minmay_fractal_squares_5, uniq_sigmund, uniq_terence,
          uniq_robin

Skill      XL: |  1  2 |
---------------+-------+-----
Fighting       | 4 |  4.2
Polearms       | 3 |  3.1
Armour         | 4 |  4.1
Shields        | 4 |  4.2

Action                     || total
---------------------------++-------
  Melee: Trident           ||    96
         Headbutt          ||    13
 Armour: Scale mail        ||    60
  Dodge: Dodged            ||    36
  Block: Buckler           ||    22

Table legend: (Time is in decaauts)
 A = Elapsed time spent in this place.
 B = Non-inter-level travel time spent in this place.
 C = Inter-level travel time spent in this place.
 D = Time resting spent in this place.
 E = Time spent auto-exploring this place.
 F = Levels seen in this place.
 G = Mean time per level.
                   A        B        C        D        E       F      G
               +--------+--------+--------+--------+--------+-----+--------+
         Total |   1015 |    993 |     22 |      0 |    794 |   2 |  507.5 |
       Dungeon |   1015 |    993 |     22 |      0 |    794 |   2 |  507.5 |
               +--------+--------+--------+--------+--------+-----+--------+

Top non-repeatable levels by time:
     D:1: 606 daAuts
     D:2: 409 daAuts
